 Dungeon Crawl Stone Soup version 0.20.0-8-g6b59dc7 (webtiles) character file.

338 Pikken the Skirmisher (level 6, -1/38 HPs)
             Began as a Kobold Berserker on May 30, 2017.
             Was an Elder of Trog.
             Slain by an orc
             ... wielding a +0 flail
              (3 damage)
             ... on level 4 of the Dungeon.
             The game lasted 00:15:50 (4202 turns).

Pikken the Skirmisher (Kobold Berserker)            Turns: 4202, Time: 00:15:50

Health: -1/38      AC:  9    Str: 15    XL:     6   Next: 85%
Magic:  6/6        EV: 10    Int:  9    God:    Trog [****..]
Gold:   158        SH:  0    Dex: 15    Spells: 5/5 levels left

rFire    . . .     SeeInvis .   l - +1 hand axe (elec)
rCold    . . .     Gourm    .   (shield restricted)
rNeg     . . .     Faith    .   z - +0 chain mail
rPois    .         Spirit   .   (no helmet)
rElec    .         Reflect  .   (no cloak)
rCorr    .         Harm     .   (no gloves)
MR       .....                  (no boots)
Stlth    ..........             (no amulet)
Regen    0.2/turn               (no ring)
MPRegen  0.1/turn               (no ring)

@: no status effects
A: carnivore 3
a: Berserk, Trog's Hand, Brothers in Arms, Burn Spellbooks, Renounce Religion


You were on level 4 of the Dungeon.
You worshipped Trog.
Trog was greatly pleased with you.
You were completely stuffed.

You visited 1 branch of the dungeon, and saw 4 of its levels.

You collected 158 gold pieces.

Inventory:

Hand Weapons
 g - a +0 hunting sling
 j - a +0 short sword
 l - a +1 hand axe of electrocution (weapon)
 o - a +2 quarterstaff of chaos
 q - a +0 mace
 t - a +2 dagger of freezing
Missiles
 h - 127 stones (quivered)
Armour
 m - a +0 scale mail
 p - a cursed +0 cloak
 z - a +0 chain mail (worn)
Wands
 e - a wand of random effects (39/48)
Scrolls
 i - 2 scrolls of fog
 k - a scroll of amnesia {unknown}
 n - a scroll of remove curse {unknown}
 s - a scroll of enchant armour {unknown}
 v - a scroll of identify
 x - a scroll of enchant weapon {unknown}
 y - a scroll of fear {unknown}
Potions
 b - a potion of magic {unknown}
 f - a potion of resistance {unknown}
 r - 2 potions of degeneration {unknown}
 u - a potion of brilliance {unknown}
 w - a potion of agility {unknown}
Comestibles
 a - 3 royal jellies
 c - 2 meat rations
 d - 14 fruits


   Skills:
 + Level 4.1 Fighting
 + Level 2.7(3.4) Axes
 + Level 3.2(3.9) Maces & Flails
 + Level 3.3 Armour
 + Level 3.5 Dodging
 - Level 0.4 Stealth


You had 5 spell levels left.
You didn't know any spells.

Dungeon Overview and Level Annotations

Branches:
Dungeon (4/15)
 Temple: D:4-7

Altars:
Ru


Innate Abilities, Weirdness & Mutations

You are small and have problems with some larger weapons.
You are carnivorous and can eat meat at any time.


Message History

* * * LOW HITPOINT WARNING * * *
You completely miss the orc. The orc hits you with a flail!
* * * LOW HITPOINT WARNING * * *
You hit the orc.
The orc is severely wounded.
The orc closely misses you.
You hit the orc.
You kill the orc!
Trog accepts your kill.
An orc comes into view.
You barely miss the orc.
The orc shouts!
The orc hits you with a flail.
* * * LOW HITPOINT WARNING * * *
Your chain mail prevents you from hitting the orc.
The orc misses you.
You hit the orc.
The orc is almost dead.
The orc hits you with a flail.
You die...

........# .# ........##..# .#
.........#..### ####.#
.........#.... ..#.#
############..##.########.#.# ..
..>......)..................#....
##.......................))......
###.########..#.#####.##.#.$....
#.# #..#@o.o....#.#...... #.#
#....#......#.#...... #.#
##.#.#.####.#.#....#. #>#
#.#.#.......o##.### #.#
....#####.......... #.#
....................o.. ####.#
##........#####..........
...#.###.........# ...........
#......#.........# ............


You could see 2 orcs.

Vanquished Creatures
  An orc priest (D:2)
  An orc wizard (D:4)
  Crazy Yiuf (D:2)
  6 adders
  7 gnolls
  An adder zombie (D:3)
  2 worms
  A dart slug (D:1)
  6 leopard geckos
  11 orcs
  2 giant cockroaches
  8 goblins
  7 hobgoblins
  19 jackals
  2 ball pythons
  13 bats
  4 frilled lizards
  7 kobolds
  11 rats
110 creatures vanquished.

Notes
Turn   | Place    | Note
-------+----------+-------------------------------------------
     0 | D:1      | Pikken the Kobold Berserker began the quest for the Orb.
     0 | D:1      | Reached XP level 1. HP: 14/14 MP: 1/1
   337 | D:1      | Reached XP level 2. HP: 19/19 MP: 2/2
   628 | D:1      | Reached XP level 3. HP: 17/23 MP: 3/3
   854 | D:1      | Reached ** piety under Trog
  1298 | D:1      | Reached XP level 4. HP: 22/29 MP: 4/4
  2079 | D:2      | Found a runed door.
  2083 | D:2      | Noticed Crazy Yiuf
  2093 | D:2      | Killed Crazy Yiuf
  2093 | D:2      | Reached skill level 1 in Axes
  2093 | D:2      | Reached XP level 5. HP: 6/33 MP: 5/5
  2746 | D:2      | Reached *** piety under Trog
  3240 | D:2      | Reached XP level 6. HP: 28/38 MP: 6/6
  3619 | D:3      | Reached skill level 4 in Fighting
  4118 | D:4      | Found a sacrificial altar of Ru.
  4178 | D:4      | Reached **** piety under Trog
  4202 | D:4      | Slain by an orc

Skill      XL: |  1  2  3  4  5  6 |
---------------+-------------------+-----
Maces & Flails | 3 |  3.2
Dodging        | 3 |  3.5
Armour         | 2 3 |  3.3
Axes           | 1 2 |  2.7
Fighting       | 4 |  4.1
Stealth        | |  0.4

Action                   |  1- 3 |  4- 6 || total
-------------------------+-------+-------++-------
Melee: Mace              |    88 |       ||    88
       Hand axe          |    29 |   205 ||   234
  Use: Scroll            |       |     2 ||     2
  Eat: Chunk             |     4 |    15 ||    19
Armor: Ring mail         |    65 |     4 ||    69
       Scale mail        |       |    60 ||    60
       Chain mail        |       |     6 ||     6
Dodge: Dodged            |   132 |   151 ||   283
